 Dungeon Crawl Stone Soup version 0.28-a0-1002-gf00fe891ef (webtiles) character file.

Game seed: 13375336287997398904

21 varasat the Ducker (level 2, -1/25 HPs)
             Began as a Ghoul Gladiator on Dec 6, 2021.
             Slain by a quokka (3 damage)
             ... on level 1 of the Dungeon.
             The game lasted 00:06:13 (487 turns).

varasat the Ducker (Ghoul Gladiator)                 Turns: 487, Time: 00:06:13

Health: -1/25      AC:  4    Str: 17    XL:     2   Next: 87%
Magic:  1/1        EV: 12    Int:  3    God:
Gold:   38         SH:  0    Dex: 10    Spells: 1/1 levels left

rFire   . . .      SeeInvis .   i - +0 club
rCold   + . .      Faith    .   (no shield)
rNeg    + + +      Spirit   .   b - +0 leather armour
rPois   ∞          Reflect  .   c - +0 helmet
rElec   .          Harm     .   (no cloak)
rCorr   .          Rampage  .   (no gloves)
Will    .....                   (no boots)
Stlth   +.........              (no amulet)
HPRegen 0.00/turn               (no ring)
MPRegen 0.07/turn               (no ring)

@: inhibited regen
A: claws 1, cold resistance 1, negative energy resistance 3, inhibited
regeneration, torment resistance 2
a: no special abilities


You were on level 1 of the Dungeon.
You visited 1 branch of the dungeon, and saw 1 of its levels.

You collected 38 gold pieces.

Inventory:

Hand Weapons
 a - a +0 long sword
 e - a +0 short sword
 g - a +0 dagger
 h - a +0 short sword
 i - a +0 club (weapon)
 j - a +0 short sword
Missiles
 d - 2 throwing nets (quivered)
Armour
 b - a +0 leather armour (worn)
 c - a +0 helmet (worn)
Scrolls
 f - 2 scrolls of identify {unknown}


   Skills:
 + Level 2.4 Fighting
 + Level 2.9 Long Blades
 + Level 2.1 Throwing
 + Level 0.3 Armour
 + Level 3.0 Dodging


You had one spell level left.
You didn't know any spells.
Your spell library was empty.

Dungeon Overview and Level Annotations

Branches:
Dungeon (1/15)

Altars:


Innate Abilities, Weirdness & Mutations

You thrive by killing the living.
You are immune to poison.
You have sharp fingernails.
Your flesh is cold resistant. (rC+)
You are immune to negative energy. (rN+++)
You do not regenerate when monsters are visible.
You are immune to unholy pain and torment.


Message History

You kill the goblin!
You feel better.
Things that are here:
a +0 club; a goblin corpse
Things that are here:
a +0 short sword; a kobold corpse
h - a +0 short sword
Things that are here:
a +0 club; a goblin corpse
i - a +0 club You see here a kobold corpse.
You see here a +0 short sword.
f - 2 scrolls labelled BESY QIETZ (gained 1)
You see here a +0 short sword.
j - a +0 short sword Setting a skill training target for Maces & Flails at 14.0.
i - a +0 club (weapon)
A quokka comes into view.
The quokka bites you.
* * * LOW HITPOINT WARNING * * *
The quokka barely misses you.
The quokka bites you but does no damage.
The quokka bites you.
* * * LOW HITPOINT WARNING * * *
You hit the quokka but do no damage. The quokka barely misses you.
The quokka closely misses you.
You barely miss the quokka. The quokka barely misses you.
You barely miss the quokka.
The quokka bites you but does no damage.
The quokka barely misses you.
You closely miss the quokka. The quokka barely misses you.
You hit the quokka but do no damage. The quokka barely misses you.
The quokka bites you.
* * * LOW HITPOINT WARNING * * *
You hit the quokka but do no damage.
The quokka bites you but does no damage.
You barely miss the quokka. The quokka barely misses you.
The quokka bites you but does no damage.
You closely miss the quokka. The quokka bites you.
You die...

# #....# #.....##### .####......
# #....# #>........# ...........
####....#####.......# ##.......
#..'....'..##...)...# #.......
#.##...)##.##.####'## #....###
#.##....##.÷.....#.# # ####.#
..########.......#^# #..####.#
##########.......#.# #.......#
............#...@#.# #..###..###
####.###.#######r#.####..#....#..
###.###.#######.....#...#.#.##.#
#.....#.....#...#...#...#.#.....
#.###.###.#.#.#.#.........####.#
#. #...#.#...#.÷.......#.#..... #
#####.#.#####.#.......†.#.##.#
#...#.#...# #........#.##.##.#
###.#.###.###.............(..#


You could see a quokka.

Vanquished Creatures
  2 ball pythons (D:1)
  2 bats (D:1)
  2 endoplasms (D:1)
  3 goblins (D:1)
  A hobgoblin (D:1)
  3 kobolds (D:1)
  4 quokkas (D:1)
17 creatures vanquished.

Notes
Turn   | Place    | Note
-------+----------+-------------------------------------------
     0 | D:1      | varasat the Ghoul Gladiator began the quest for the Orb.
     0 | D:1      | Reached XP level 1. HP: 17/17 MP: 0/0
   127 | D:1      | Reached XP level 2. HP: 19/24 MP: 1/1
   287 | D:1      | Reached skill level 3 in Dodging
   487 | D:1      | Slain by a quokka

Illustrated notes

Levels and vault maps discovered:
D:1:      elethiomel_arrival_maze, layout_basic, minmay_pentomino_v4

Skill      XL: |  1  2 |
---------------+-------+-----
Throwing       | 2 |  2.1
Dodging        | 3 |  3.0
Fighting       | |  2.4
Long Blades    | |  2.9
Armour         | |  0.3

Action                   || total
-------------------------++-------
Melee: Long sword        ||    56
       Club              ||     8
Throw: Throwing net      ||     4
  Use: Potion            ||     1
Armor: Leather armour    ||    23
Dodge: Dodged            ||    61

Table legend: (Time is in decaauts)
 A = Elapsed time spent in this place.
 B = Non-inter-level travel time spent in this place.
 C = Inter-level travel time spent in this place.
 D = Time resting spent in this place.
 E = Time spent auto-exploring this place.
 F = Levels seen in this place.
 G = Mean time per level.
                   A        B        C        D        E       F      G
               +--------+--------+--------+--------+--------+-----+--------+
         Total |    484 |    327 |    157 |     14 |     54 |   1 |  484.0 |
       Dungeon |    484 |    327 |    157 |     14 |     54 |   1 |  484.0 |
               +--------+--------+--------+--------+--------+-----+--------+

Top non-repeatable levels by time:
     D:1: 484 daAuts
